 Dungeon Crawl Stone Soup version 0.21-a0-442-g848f44b (webtiles) character file.

80 kae the Ruffian (level 4, -1/36 HPs)
             Began as a Draconian Transmuter on Nov 16, 2017.
             Was an Initiate of Okawaru.
             Slain by a river rat (7 damage)
             ... in a sewer.
             The game lasted 00:01:44 (1789 turns).

kae the Ruffian (Draconian Transmuter)              Turns: 1789, Time: 00:01:45

Health: -1/36      AC:  6    Str: 13    XL:     4   Next: 18%
Magic:  7/7        EV: 12    Int: 13    God:    Okawaru [......]
Gold:   119        SH:  0    Dex: 12    Spells: 1/7 levels left

rFire    . . .     SeeInvis .   e - +0 hand axe
rCold    . . .     Gourm    .   (no shield)
rNeg     . . .     Faith    .   (armour unavailable)
rPois    .         Spirit   .   (helmet restricted)
rElec    .         Reflect  .   (no cloak)
rCorr    .         Harm     .   k - +0 pair of gloves
MR       .....                  (no boots)
Stlth    +.........             (no amulet)
HPRegen  0.12/turn              (no ring)
MPRegen  0.10/turn              (no ring)

@: no status effects
A: unfitting armour, cold-blooded, AC +5
a: Renounce Religion


You were in a sewer.
You worshipped Okawaru.
Okawaru was noncommittal.
You were not hungry.

You visited 1 branch of the dungeon, and saw 3 of its levels.
You also visited: Sewer.

You collected 119 gold pieces.

Inventory:

Hand Weapons
 e - a +0 hand axe (weapon)
Missiles
 a - 26 arrows
Armour
 k - a +0 pair of gloves (worn)
Wands
 m - a wand of random effects (21/48)
Scrolls
 d - a scroll of identify
 g - a scroll of recharging
 i - 3 scrolls of fear {unknown}
Potions
 f - a potion of mutation
 j - 2 potions of curing {unknown}
 l - a potion of heal wounds {unknown}
Books
 b - a book of Changes

   Spells                             Type                      Level
   a - Beastly Appendage              Transmutation                1
   b - Sticks to Snakes               Transmutation                2
   c - Spider Form                    Transmutation/Poison         3
   d - Ice Form                       Ice/Transmutation            4
   e - Blade Hands                    Transmutation                5
Comestibles
 c - 2 bread rations
 h - 4 chunks of flesh


   Skills:
 + Level 2.0 Fighting
 - Level 1.7 Dodging
 * Level 3.8 Unarmed Combat
 + Level 2.4 Spellcasting
 * Level 3.0 Transmutations


You had one spell level left.
You knew the following spells:

 Your Spells              Type           Power        Failure   Level  Hunger
a - Beastly Appendage     Tmut           #.....       7%          1    #......
b - Sticks to Snakes      Tmut           #.......     11%         2    ###....
c - Spider Form           Tmut/Pois      #.........   36%         3    ###....


Dungeon Overview and Level Annotations

Branches:
Dungeon (3/15)

Altars:
Okawaru


Innate Abilities, Weirdness & Mutations

Your plain brown scales are hard. (AC +5)
You cannot fit into any form of body armour.
You are cold-blooded and may be slowed by cold attacks.


Message History

The river rat is moderately wounded.
You closely miss the river rat. The river rat bites you. x2
The river rat misses you.
You hit the river rat but do no damage.
The river rat is moderately wounded.
You hit the river rat but do no damage.
The river rat bites you but does no damage.
The river rat bites you!
* * * LOW HITPOINT WARNING * * *
The river rat misses you.
You hit the river rat.
Your tail-slap misses the river rat.
The river rat is severely wounded.
You closely miss the river rat. The river rat barely misses you.
The river rat bites you.
* * * LOW HITPOINT WARNING * * *
You barely miss the river rat.
The river rat is severely wounded.
You closely miss the river rat. The river rat closely misses you.
The river rat barely misses you. The river rat bites you!
You die...

#.#
#.#
#.#
#.#
#.#
#∩#
#r#
#r#
#@#
#r#
#.#
#.#
###


You could see 2 river rats and a rat.

Vanquished Creatures
  4 adders
  2 worms (D:2)
  A ball python (D:2)
  2 bats (D:1)
  A giant cockroach (D:1)
  A goblin (D:2)
  6 hobgoblins
  4 jackals
  A quokka (D:2)
  A frilled lizard (D:1)
  9 kobolds
  7 rats
39 creatures vanquished.

Notes
Turn   | Place    | Note
-------+----------+-------------------------------------------
     0 | D:1      | kae the Draconian Transmuter began the quest for the Orb.
     0 | D:1      | Reached XP level 1. HP: 16/16 MP: 3/3
   339 | D:1      | Reached XP level 2. HP: 20/23 MP: 5/5
   614 | D:2      | Reached XP level 3. HP: 29/29 MP: 4/6
   629 | D:2      | Learned a level 2 spell: Sticks to Snakes
   633 | D:2      | Learned a level 3 spell: Spider Form
   645 | D:2      | Found an iron altar of Okawaru.
   757 | D:2      | Became a worshipper of Warmaster Okawaru
  1620 | D:3      | Reached XP level 4. HP: 34/36 MP: 5/7
  1761 | D:3      | Found a glowing drain.
  1773 | Sewer    | Entered a sewer
  1789 | Sewer    | Slain by a river rat

Vault maps used:
D:1:      tarquinn_simple_flora_water_d, minmay_misc_feat_room
D:2:      nicolae_overflow_crystal_walls, first_bread, uniq_crazy_yiuf_cottage
D:3:      cheibrodos_sewer_entry_drain
Sewer:    sewer_kobolds

Skill      XL: |  1  2  3  4 |
---------------+-------------+-----
Fighting       | 2 |  2.0
Transmutations | 3 |  3.0
Dodging        | |  1.7
Unarmed Combat | |  3.8
Spellcasting   | |  2.4

Action                   |  1- 3 |  4- 6 || total
-------------------------+-------+-------++-------
Melee: Hand axe          |    83 |    24 ||   107
       Headbutt          |     7 |     1 ||     8
       Tailslap          |     8 |       ||     8
       Unarmed           |     1 |       ||     1
       Kick              |     7 |     1 ||     8
 Cast: Beastly Appendage |    13 |     2 ||    15
  Use: Scroll            |     5 |       ||     5
  Eat: Chunk             |     2 |     1 ||     3
Armor: Skin              |    25 |    14 ||    39
Dodge: Dodged            |    65 |    32 ||    97

Table legend:
 A = Spawn XP
 B = Non-spawn XP
 C = Spawn XP percentage of total XP
 D = Spawn monster count
 E = Non-spawn monster count
 F = Spawn count percentage of total count
 G = Total turns spent on level
                    A         B        C        D         E        F      G
               +---------+---------+-------+---------+---------+-------+---------
         Total |       0 |     115 |   0.0 |       0 |      39 |   0.0 |  1789
               +---------+---------+-------+---------+---------+-------+---------
           D:1 |       0 |      26 |   0.0 |       0 |      16 |   0.0 |   581
           D:2 |       0 |      67 |   0.0 |       0 |      16 |   0.0 |  1031
           D:3 |       0 |      20 |   0.0 |       0 |       5 |   0.0 |   161
         Sewer |       0 |       2 |   0.0 |       0 |       2 |   0.0 |    16
               +---------+---------+-------+---------+---------+-------+---------
